 Dungeon Crawl Stone Soup version 0.32-a0-738-g1a05c61809 (webtiles) character file.

Game seed: 14960614911429952858

242 Nvm9 the Insei (level 6, -2/61 HPs)
             Began as an Octopode Shapeshifter on Mar 17, 2024.
             Incinerated by a bombardier beetle (5 damage)
             ... with a burning spray
             ... on level 3 of the Dungeon.
             The game lasted 00:04:31 (1493 turns).

Nvm9 the Insei (Octopode Shapeshifter)              Turns: 1493, Time: 00:04:31

Health: -2/61      AC: 23    Str: 13    XL:     6   Next: 9%
Magic:  6/6        EV:  2    Int: 12    God:
Gold:   119        SH:  0    Dex: 14    Spells: 2/5 levels left

rFire   . . .        e - +1 short sword
rCold   . . .        (no shield)
rNeg    . . .        (helmet currently unavailable)
rPois   +            (no amulet)
rElec   .            (no ring)
rCorr   .            (no ring)
SInv    .            (no ring)
Will    .....        (no ring)
Stlth   +            (no ring)
HPRegen 1.10/turn    (no ring)
MPRegen 0.10/turn    (no ring)
                     (no ring)

%: no passive effects
@: on fire, tree-form, glowing
A: stationary, stasis, torment immunity, boosted hp, almost no armour,
(amphibious), 8 rings, (camouflage 1), (gelatinous body 1), (nimble swimmer 1),
(tentacles), regeneration 1
a: no special abilities


You were on level 3 of the Dungeon.
You were a tree.
You visited 1 branch of the dungeon, and saw 3 of its levels.

You collected 119 gold pieces.

Inventory:

Hand Weapons
 e - a +1 short sword (weapon)
 f - a +0 dagger
Missiles
 d - 6 atropa-tipped darts (quivered)
 m - 7 curare-tipped darts
Talismans
 b - a beast talisman (active)
 c - a flux talisman
Scrolls
 g - a scroll of poison {unknown}
 j - a scroll of fog {unknown}
 k - 5 scrolls of identify
 l - a scroll of vulnerability {unknown}
Potions
 h - a potion of invisibility
 i - a potion of enlightenment


   Skills:
 + Level 2.9 Fighting
 + Level 3.4 Dodging
 + Level 4.2 Unarmed Combat
 + Level 4.0 Shapeshifting


You had 2 spell levels left.
You knew the following spells:

 Your Spells              Type           Power      Damage    Failure   Level
a - Passwall              Erth           0%         N/A       69%         3

Your spell library contained the following spells:

 Spells                   Type           Power      Damage    Failure   Level
 Necrotise                Necr           0%         1d4       32%         1
 Jinxbite                 Hex            0%         N/A       45%         2
 Vampiric Draining        Necr           0%         2d6       69%         3
 Volatile Blastmotes      Fire/Tloc      0%         2d10      69%         3
 Martyr's Knell           Necr/Summ      0%         N/A       97%         4
 Curse of Agony           Necr           0%         N/A       100%        5
 Yara's Violent Unravell  Hex/Alch       0%         3d3       100%        5
 Bombard                  Conj/Erth      0%         9d1       100%        6
 Enfeeble                 Hex            0%         N/A       100%        7


Dungeon Overview and Level Annotations

Branches:
Dungeon (3/15)

Altars:
Dithmenos
Vehumet


Innate Abilities, Weirdness & Mutations

You are a tree.
Your roots penetrate the ground, keeping you stationary.
You cannot be teleported.
You are immune to unholy pain and torment.
Your maximum health is greatly increased.
You cannot wear most types of armour.
((You are amphibious.))
You can wear up to eight rings at the same time.
((Your skin changes colour to match your surroundings (Stealth+).))
((Your rubbery body absorbs attacks. (AC +1, EV +1)))
((You are camouflaged when in or above water. (Stealth+)))
((You have tentacles for arms and can constrict up to eight enemies at once.))
Your natural rate of healing is unusually fast.


Message History

You are covered in liquid fire!
You hit the bombardier beetle. You grab the bombardier beetle.
The bombardier beetle is lightly wounded.
The liquid fire burns you!
You constrict the bombardier beetle.
You hit the bombardier beetle but do no damage.
The bombardier beetle is moderately wounded.
The liquid fire burns you!
You constrict the bombardier beetle, but do no damage.
The bombardier beetle closely misses you.
You hit the bombardier beetle. You squeeze the bombardier beetle!
The bombardier beetle is severely wounded.
The liquid fire burns you!
You constrict the bombardier beetle. You hit the bombardier beetle.
You squeeze the bombardier beetle.
You kill the bombardier beetle!
The liquid fire burns you!
Your Shapeshifting skill increases to level 4!
You have reached level 6!
The liquid fire burns you! The liquid fire burns you!
The liquid fire burns you! The liquid fire burns you!
* * * LOW HITPOINT WARNING * * *
The liquid fire burns you!
* * * LOW HITPOINT WARNING * * *
The liquid fire burns you!
* * * LOW HITPOINT WARNING * * *
Your transformation has ended.
You turn into a tree.
Your roots penetrate the ground.
The liquid fire burns you!
* * * LOW HITPOINT WARNING * * *
You are on fire!
You are on fire!
The liquid fire burns you!
* * * LOW HITPOINT WARNING * * *
The liquid fire burns you!
* * * LOW HITPOINT WARNING * * *
The liquid fire burns you!
You die...

..........##.......
....................
#..........††##.....
#####.........#.###..#..
..............#.##.†###.
..............#.....###.
..............###.#..#..
..............# #.......
......†♣......# ##....##
..............# ##...##
..............# #...##
.........$....# #...##
..............# #...##
..............# #...##
#.......####### #...##
#.......# #...## #..#
#...##


There were no monsters in sight!

Vanquished Creatures
  A bombardier beetle (D:3)
  Jessica (D:3)
  Natasha (twice) (D:3)
  Terence (D:3)
  5 adders
  4 ribbon worms
  2 dart slugs (D:2)
  3 endoplasms
  3 giant cockroaches
  3 goblins
  7 hobgoblins
  4 jackals (D:1)
  6 kobolds
  3 quokkas
  3 ball pythons
  2 bats
  6 frilled lizards
  5 rats
61 creatures vanquished.

Notes
Turn   | Place    | Note
-------+----------+-------------------------------------------
     0 | D:1      | Nvm9 the Octopode Shapeshifter began the quest for the Orb.
     0 | D:1      | Reached XP level 1. HP: 13/13 MP: 1/1
   173 | D:1      | Reached XP level 2. HP: 18/18 MP: 2/2
   608 | D:1      | Gained mutation: Your natural rate of healing is unusually
                  | fast. [potion of mutation]
   635 | D:2      | Reached XP level 3. HP: 9/23 MP: 3/3
   884 | D:2      | Reached XP level 4. HP: 29/29 MP: 4/4
  1127 | D:3      | Found a radiant altar of Vehumet.
  1134 | D:3      | Noticed Jessica
  1141 | D:3      | Killed Jessica
  1271 | D:3      | Reached XP level 5. HP: 35/35 MP: 5/5
  1317 | D:3      | Found a shadowy altar of Dithmenos.
  1322 | D:3      | Learned a level 3 spell: Passwall
  1340 | D:3      | Noticed Natasha
  1346 | D:3      | Killed Natasha
  1363 | D:3      | Noticed Natasha
  1367 | D:3      | Noticed Terence
  1373 | D:3      | Killed Natasha
  1399 | D:3      | Killed Terence
  1484 | D:3      | Reached XP level 6. HP: 24/41 MP: 6/6
  1492 | D:3      | HP: 2/61 [burnt (3)]
  1493 | D:3      | Incinerated by a bombardier beetle

Illustrated notes

Levels and vault maps discovered:
D:1:      minmay_arrival_three_doors, layout_basic, minmay_quantized
D:2:      layout_basic, nicolae_figureground_sparkle
D:3:      layout_basic, nicolae_dithmenos_shadow_blocks, vehumet_crystals,
          uniq_natasha, uniq_jessica, uniq_terence

Skill      XL: |  1  2  3  4  5 |
---------------+----------------+-----
Fighting       | 2 |  2.9
Dodging        | 3 |  3.4
Unarmed Combat | 4 |  4.2
Shapeshifting  | 4 |  4.0

Action                     |  1- 3 |  4- 6 || total
---------------------------+-------+-------++-------
  Melee: Unarmed           |     6 |    26 ||    32
         Short sword       |    55 |    41 ||    96
         Constrict         |    20 |    17 ||    37
         Tentacles         |    13 |    12 ||    25
    Use: Potion            |     5 |     1 ||     6
         Scroll            |     3 |       ||     3
   Stab: Sleeping          |    10 |     1 ||    11
 Armour: Skin              |    19 |    28 ||    47
  Dodge: Dodged            |    31 |    37 ||    68

Table legend: (Time is in decaauts)
 A = Elapsed time spent in this place.
 B = Non-inter-level travel time spent in this place.
 C = Inter-level travel time spent in this place.
 D = Time resting spent in this place.
 E = Time spent auto-exploring this place.
 F = Levels seen in this place.
 G = Mean time per level.
                   A        B        C        D        E       F      G
               +--------+--------+--------+--------+--------+-----+--------+
         Total |   1488 |   1442 |     46 |     23 |   1009 |   3 |  496.0 |
       Dungeon |   1488 |   1442 |     46 |     23 |   1009 |   3 |  496.0 |
               +--------+--------+--------+--------+--------+-----+--------+

Top non-repeatable levels by time:
     D:1: 626 daAuts
     D:2: 482 daAuts
     D:3: 379 daAuts
